 Dungeon Crawl Stone Soup version 0.32-a0-656-g3542139ebd (webtiles) character file.

Game seed: 7660166236319290713

1605 runemasterragnar the Chopper (level 8, -2/61 HPs)
             Began as a Coglin Artificer on Mar 9, 2024.
             Slain by Joseph
             ... wielding a +4 quarterstaff of speed
              (7 damage)
             ... on level 7 of the Dungeon.
             The game lasted 00:08:38 (6379 turns).

runemasterragnar the Chopper (Coglin Artificer)     Turns: 6379, Time: 00:08:39

Health: -2/61      AC:  8    Str: 15    XL:     8   Next: 94%
Magic:  8/8        EV: 10    Int: 10    God:
Gold:   369        SH:  0    Dex: 15    Spells: 4/7 levels left

rFire   . . .        g - +0 war axe {Chaewon}
rCold   . . .        h - +0 short sword {Isabel}
rNeg    . . .        l - +0 ring mail
rPois   .            v - +0 helmet
rElec   .            A - +0 cloak
rCorr   .            (no gloves)
SInv    .            (no boots)
Will    .....        (amulet unavailable)
Stlth   +            (ring unavailable)
HPRegen 0.30/turn    (ring unavailable)
MPRegen 0.11/turn    (no gizmo)

%: no passive effects
@: revving
A: off-hand wielding, slow wielding, warmup strikes, no jewellery
a: Invent Gizmo


You were on level 7 of the Dungeon.
You visited 2 branches of the dungeon, and saw 8 of its levels.
You also visited: Sewer.

You collected 369 gold pieces.

Inventory:

Hand Weapons
 a - a +0 club {Elena}
 f - a +0 dagger {Jia}
 g - a +0 war axe (weapon) {Chaewon}
 h - a +0 short sword (offhand) {Isabel}
Missiles
 i - 16 boomerangs
 x - 12 poisoned darts
 C - 11 javelins
Armour
 l - a +0 ring mail (worn)
 p - a +0 plate armour
 v - a +0 helmet (worn)
 A - a +0 cloak (worn)
Wands
 c - a wand of flame (61) (quivered)
 d - a wand of charming (14)
 e - a wand of iceblast (3)
 t - a wand of mindburst (17)
Scrolls
 k - 2 scrolls of vulnerability
 q - a scroll of blinking
 r - a scroll of fear
 y - 2 scrolls of amnesia
 z - a scroll of revelation
 B - a scroll of poison {unknown}
 D - 2 scrolls of fog
 H - a scroll of teleportation
 I - a scroll of torment {unknown}
 J - a scroll of immolation
Potions
 b - 2 potions of heal wounds
 j - 4 potions of curing
 m - 7 potions of lignification
 n - 3 potions of degeneration
 o - 4 potions of enlightenment
 s - a potion of cancellation
 u - a potion of attraction
 w - a potion of might
 E - a potion of magic {unknown}
 F - 3 potions of haste
 G - a potion of mutation {unknown}


   Skills:
 + Level 4.9 Fighting
 * Level 6.8 Axes
 + Level 4.2 Throwing
 + Level 4.7 Armour
 - Level 0.8 Dodging
 - Level 0.7 Stealth
 - Level 4.0 Evocations


You had 4 spell levels left.
You knew the following spells:

 Your Spells              Type           Power      Damage    Failure   Level
a - Apportation           Tloc           0%         N/A       56%         1
b - Blink                 Tloc           0%         N/A       71%         2

Your spell library contained the following spells:

 Spells                   Type           Power      Damage    Failure   Level
 Necrotise                Necr           0%         1d4       56%         1
 Shock                    Conj/Air       0%         1d3       56%         1
 Jinxbite                 Hex            0%         N/A       71%         2
 Lesser Beckoning         Tloc           0%         N/A       71%         2
 Momentum Strike          Conj/Tloc      0%         3d8       71%         2
 Swiftness                Air            0%         N/A       91%         3
 Vampiric Draining        Necr           0%         2d6       91%         3
 Airstrike                Air            0%         2d(0-16)  100%        4
 Martyr's Knell           Necr/Summ      0%         N/A       100%        4
 Alistair's Intoxication  Alch           0%         N/A       100%        5
 Curse of Agony           Necr           0%         N/A       100%        5


Dungeon Overview and Level Annotations

Branches:
Dungeon (7/15)             Temple (1/1) D:5           Sewer (visited)

Altars:
Ashenzari
Cheibriados
Elyvilon
Hepliaklqana
Kikubaaqudgha
Makhleb
Nemelex Xobeh
Okawaru
Qazlal
Ru
Sif Muna
Trog
Uskayaw
Vehumet
Xom
Yredelemnul
Zin
The Shining One

Shops:
D:4 (   D:6 (

Annotations:
D:3 Natasha
D:7 Joseph


Innate Abilities, Weirdness & Mutations

You can wield a second weapon in your off-hand.
It takes a long time for you to wield or remove held weapons.
Your first few attacks do less damage.
You cannot equip rings or amulets.


Message History

You barely miss Joseph with your +0 short sword.
Joseph hits you with a +4 quarterstaff of speed.
You hit Joseph but do no damage.
Joseph is lightly wounded.
You hit Joseph but do no damage.
Joseph hits you with a +4 quarterstaff of speed!
Joseph hits you with a +4 quarterstaff of speed.
You hit Joseph with your +0 short sword.
Joseph is lightly wounded.
You hit Joseph but do no damage.
Joseph hits you with a +4 quarterstaff of speed.
* * * LOW HITPOINT WARNING * * *
You hit Joseph with your +0 short sword.
Joseph is lightly wounded.
You hit Joseph but do no damage. Joseph barely misses you.
Joseph hits you with a +4 quarterstaff of speed!
* * * LOW HITPOINT WARNING * * *
You feel much better.
Joseph hits you with a +4 quarterstaff of speed!
Aiming: Mindburst
Press: ? - help, Shift-Dir - straight line, f - Joseph
Aim: Joseph, wielding a +4 quarterstaff of speed and wearing a +0 ring mail (lightly wounded, chance to affect: 64%) Joseph's mind is blasted!
Joseph completely misses you.
Joseph hits you with a +4 quarterstaff of speed.
* * * LOW HITPOINT WARNING * * *
Aiming: Mindburst
Press: ? - help, Shift-Dir - straight line, f/p - Joseph
Aim: Joseph, wielding a +4 quarterstaff of speed and wearing a +0 ring mail (heavily wounded, chance to affect: 64%) Joseph's mind is blasted!!
Joseph hits you with a +4 quarterstaff of speed.
* * * LOW HITPOINT WARNING * * *
Unknown command.
Aiming: Mindburst
Press: ? - help, Shift-Dir - straight line, f/p - Joseph
Aim: Joseph, wielding a +4 quarterstaff of speed and wearing a +0 ring mail (severely wounded, chance to affect: 64%) Joseph's mind is blasted!
Joseph hits you with a +4 quarterstaff of speed.
* * * LOW HITPOINT WARNING * * *
Joseph hits you with a +4 quarterstaff of speed!
You die...

############ #########
#..........######........
####.#####.##...'........
#.# #.##@###........ #.#
#.##@# #.......@ #.#
#.##.# #........ #.#
#.##.# ######### #.#
#.##.###########. #.#
#.#.#.#.#.#.#.#.#. #.#
##.#.#.#.#.#.#.#.#.
#.#####.#.#.#.#.#.#.#.#.#
#......#.#.#<#.#.#.#.#.#
########.#.#.#.#.#.#.#.#


You could see Joseph.

Vanquished Creatures
  Grinder (D:4)
  Sigmund (D:4)
  Pargi (Sewer)
  2 black bears
  2 centaurs
  2 brain worms (Sewer)
  A gnoll sergeant (D:6)
  2 scorpions
  2 jellies
  3 hounds
  3 iguanas
  Ijyb (D:4)
  Natasha (D:3)
  4 gnolls (D:6)
  A river rat (D:6)
  8 adders
  A shadow imp (D:4)
  A white imp (D:6)
  A ribbon worm (D:6)
  A dart slug (D:3)
  4 orcs (D:3)
  3 bats
  5 endoplasms
  2 giant cockroaches
  4 goblins
  12 hobgoblins
  7 quokkas
  14 ball pythons
  5 frilled lizards
  5 kobolds
  3 rats
103 creatures vanquished.

Notes
Turn   | Place    | Note
-------+----------+-------------------------------------------
     0 | D:1      | runemasterragnar the Coglin Artificer began the quest for
                  | the Orb.
     0 | D:1      | Reached XP level 1. HP: 15/15 MP: 1/1
   188 | D:1      | Reached XP level 2. HP: 21/21 MP: 2/2
   220 | D:1      | Reached skill level 1 in Axes
   699 | D:1      | Reached XP level 3. HP: 26/26 MP: 3/3
  1003 | D:2      | Found a snail-covered altar of Cheibriados.
  1727 | D:3      | Reached skill level 1 in Throwing
  1832 | D:3      | Reached skill level 2 in Axes
  1956 | D:3      | Reached XP level 4. HP: 26/33 MP: 4/4
  2258 | D:3      | Found a white marble altar of Elyvilon.
  2304 | D:3      | Noticed Natasha
  2314 | D:3      | Killed Natasha
  2383 | D:3      | Found a basalt altar of Yredelemnul.
  2547 | D:3      | Noticed Natasha
  2681 | D:4      | Found Keffaigh's Weapon Boutique.
  2690 | D:4      | Reached XP level 5. HP: 31/38 MP: 5/5
  2755 | D:4      | Reached skill level 3 in Axes
  2806 | D:4      | Noticed Ijyb
  2823 | D:4      | Noticed Grinder
  2823 | D:4      | Paralysed by Grinder for 3 turns
  2831 | D:4      | Paralysed by Grinder for 4 turns
  2837 | D:4      | Killed Grinder
  2838 | D:4      | Reached skill level 4 in Axes
  2838 | D:4      | Reached XP level 6. HP: 16/47 MP: 6/6
  2844 | D:4      | Killed Ijyb
  3279 | D:4      | Noticed a black bear
  3292 | D:4      | Killed a black bear
  3293 | D:4      | Reached XP level 7. HP: 19/52 MP: 7/7
  3553 | D:4      | Noticed Sigmund
  3574 | D:4      | Killed Sigmund
  3575 | D:4      | Reached skill level 5 in Axes
  3664 | D:5      | Entered Level 5 of the Dungeon
  3683 | D:5      | Found a glowing golden altar of the Shining One.
  4086 | D:5      | Reached XP level 8. HP: 20/60 MP: 8/8
  4089 | D:5      | Learned a level 1 spell: Apportation
  4092 | D:5      | Learned a level 2 spell: Blink
  4240 | D:5      | Found a staircase to the Ecumenical Temple.
  4382 | Temple   | Entered the Ecumenical Temple
  4563 | D:6      | Found a glowing drain.
  4569 | Sewer    | Entered a sewer
  4586 | Sewer    | Noticed Pargi
  4604 | Sewer    | Killed Pargi
  4813 | Sewer    | Reached skill level 6 in Axes
  5060 | D:6      | Found Coror's Weapon Emporium.
  6358 | D:7      | Noticed Joseph
  6379 | D:7      | Slain by Joseph

Illustrated notes

Levels and vault maps discovered:
D:1:      psy_arrival_wood_between_worlds, layout_loops_ring
D:2:      layout_loops_ring, basic_altar, solitary_fountain
D:3:      layout_basic, kennysheep_ying_yang, minmay_quantized, uniq_natasha
D:4:      layout_basic, serial_shops, nicolae_shop_tiny_waterfront, uniq_ijyb,
          uniq_grinder, uniq_sigmund
D:5:      layout_rooms, mainiacjoe_overflow_brackets, temple_pool_b
D:6:      layout_loops_ring, serial_shops, nicolae_shop_advertising_works
          [nicolae_subvault_shop_adworks], gup_sewer_entry_bubbles
D:7:      layout_basic, uniq_joseph
Temple:   regret_index_temple_waves

Skill      XL: |  1  2  3  4  5  6  7  8 |
---------------+-------------------------+-----
Armour         | 2 3 4 |  4.7
Axes           | 1 2 4 5 6 |  6.8
Throwing       | 1 2 3 4 |  4.2
Fighting       | 2 3 4 |  4.9
Dodging        | |  0.8
Stealth        | |  0.7
Evocations     | |  4.0

Action                     |  1- 3 |  4- 6 |  7- 9 || total
---------------------------+-------+-------+-------++-------
  Melee: War axe           |    95 |    63 |   156 ||   314
         Short sword       |    83 |    56 |   153 ||   292
         Dagger            |     3 |       |       ||     3
         Club              |     2 |       |       ||     2
  Evoke: Wand              |       |     1 |    13 ||    14
    Use: Scroll            |     8 |     2 |     8 ||    18
         Potion            |       |     1 |     1 ||     2
 Armour: Leather armour    |    27 |       |       ||    27
         Ring mail         |    47 |    62 |   188 ||   297
         Skin              |       |     3 |       ||     3
  Dodge: Dodged            |    62 |    43 |    95 ||   200

Table legend: (Time is in decaauts)
 A = Elapsed time spent in this place.
 B = Non-inter-level travel time spent in this place.
 C = Inter-level travel time spent in this place.
 D = Time resting spent in this place.
 E = Time spent auto-exploring this place.
 F = Levels seen in this place.
 G = Mean time per level.
                   A        B        C        D        E       F      G
               +--------+--------+--------+--------+--------+-----+--------+
         Total |   6511 |   6171 |    340 |   1149 |   3933 |   9 |  723.4 |
       Dungeon |   6132 |   5792 |    340 |   1015 |   3848 |   7 |  876.0 |
        Temple |      1 |      1 |      0 |      0 |      0 |   1 |    1.0 |
         Sewer |    377 |    377 |      0 |    134 |     84 |   1 |  377.0 |
               +--------+--------+--------+--------+--------+-----+--------+

Top non-repeatable levels by time:
     D:6: 1583 daAuts
     D:4: 1076 daAuts
     D:3: 1035 daAuts
     D:1: 877 daAuts
     D:5: 740 daAuts
     D:2: 728 daAuts
   Sewer: 377 daAuts
     D:7: 90 daAuts
  Temple: 1 daAuts
